 Dungeon Crawl Stone Soup version 0.20-a0-809-gaf7f668 (console) character file.

1614 nht the Grappler (level 8, -2/59 HPs)
             Began as a Yellow Draconian Transmuter on Mar 2, 2017.
             Was a Priest of Okawaru.
             Slain by Joseph
             ... wielding a +0 quarterstaff
              (10 damage)
             ... on level 7 of the Dungeon.
             The game lasted 00:10:37 (6167 turns).

nht the Grappler (Yellow Draconian Transmuter)      Turns: 6167, Time: 00:10:38

Health: -2/59      AC:  2    Str: 13    XL:     8   Next: 64%
Magic:  7/11       EV: 25    Int: 15    God:    Okawaru [***...]
Gold:   247        SH:  4    Dex: 17    Spells: 2/11 levels left

rFire    . . .     SeeInvis .     - Unarmed
rCold    . . .     Gourm    .   (armour unavailable)
rNeg     . . .     Faith    .   (shield currently unavailable)
rPois    x         Spirit   .   (helmet currently unavailable)
rElec    .         Reflect  +   (cloak currently unavailable)
rCorr    .         Harm     .   (gloves currently unavailable)
MR       .....                  (boots currently unavailable)
Stlth    +++.......             q - +4 amulet of reflection
Regen    0.2/turn               (no ring)
MPRegen  0.2/turn               y - +1 ring of slaying

@: spider-form, heroism
A: (spit acid), (acid resistance), unfitting armour, (cold-blooded), AC +6
a: End Transformation, Heroism, Renounce Religion


You were on level 7 of the Dungeon.
You worshipped Okawaru.
Okawaru was most pleased with you.
You were not hungry.
You were a venomous arachnid creature.
You visited 1 branch of the dungeon, and saw 7 of its levels.

You collected 484 gold pieces.
You spent 237 gold pieces at shops.

Inventory:

Hand Weapons
 f - a +1 dagger of electrocution (melded)
Missiles
 a - 53 arrows
 t - 10 tomahawks (quivered)
 x - 6 javelins
Armour
 h - a +0 cloak (melded)
 i - a +0 pair of gloves (melded)
 r - the +0 pair of boots of Vumoitre (melded) {rN++ Int+3 Stlth-}
   (You bought it in a shop on level 5 of the Dungeon)

   It affects your intelligence (+3).
   It greatly protects you from negative energy.
   It makes you less stealthy.
Jewellery
 q - a +4 amulet of reflection (around neck)
 y - a +1 ring of slaying (left front leg)
Wands
 w - a wand of disintegration (8/24)
Scrolls
 e - 7 scrolls of identify
 g - a scroll of magic mapping
 m - a scroll of remove curse
 o - 2 scrolls of teleportation
 u - a scroll of enchant weapon
 v - a scroll of recharging
Potions
 l - a potion of flight
 n - a potion of invisibility
 A - a potion of brilliance
Books
 b - a book of Changes

   Spells                             Type                      Level
   a - Beastly Appendage              Transmutation                1
   b - Sticks to Snakes               Transmutation                2
   c - Spider Form                    Transmutation/Poison         3
   d - Ice Form                       Ice/Transmutation            4
   e - Blade Hands                    Transmutation                5
 j - a book of Misfortune

   Spells                             Type                      Level
   a - Confusing Touch                Hexes                        1
   b - Confuse                        Hexes                        3
   c - Gell's Gravitas                Translocation                3
   d - Petrify                        Transmutation/Earth          4
   e - Metabolic Englaciation         Hexes/Ice                    5
   f - Yara's Violent Unravelling     Hexes/Transmutation          5
Comestibles
 c - 5 bread rations
 d - 3 chunks of flesh
 k - 6 fruits
 p - 2 meat rations
 s - 2 royal jellies


   Skills:
 - Level 1.1(6.1) Fighting
 - Level 1.7(6.7) Dodging
 * Level 9.5(14.5) Unarmed Combat
 - Level 2.0 Spellcasting
 + Level 6.6 Transmutations


You had 2 spell levels left.
You knew the following spells:

 Your Spells              Type           Power        Failure   Level  Hunger
a - Beastly Appendage     Tmut           ###...       6%          1    #......
b - Spider Form           Tmut/Pois      ##........   41%         3    ###....
c - Blade Hands           Tmut           ###.......   63%         5    ######.


Dungeon Overview and Level Annotations

Branches:
Dungeon (7/15)
 Temple: D:4-7

Altars:
Ashenzari
Dithmenos
Makhleb
Okawaru
Ru
Xom
Zin

Shops:
D:5 [=

Annotations:
D:7 Joseph


Innate Abilities, Weirdness & Mutations

((You can spit globs of acid.))
((You are resistant to acid.))
((Your golden yellow scales are hard. (AC +6)))
You cannot fit into any form of body armour.
((You are cold-blooded and may be slowed by cold attacks.))


Message History

Your +1 dagger of electrocution melds into your body.
Your +0 cloak melds into your body.
Your +0 pair of gloves melds into your body.
The +0 pair of boots of Vumoitre {rN++ Int+3 Stlth-} melds into your body.
Your +1 dagger of electrocution stops crackling.
Joseph barely misses you. You block the orc's attack.
You bite Joseph!
Joseph looks as sick as possible!
Joseph is heavily wounded.
Joseph says, "I'm here to kill trespassers.
I like my job."
Joseph hits you with an uncursed quarterstaff!
* * * LOW HITPOINT WARNING * * *
Unknown command.
Okay, then.
You hit Joseph.
Joseph looks as sick as possible!
Joseph is severely wounded.
You block the orc's attack.
You hit Joseph but do no damage.
Joseph looks as sick as possible!
Joseph is severely wounded.
Joseph hits you with an uncursed quarterstaff!
You die...

....████.....████..█ ██.█
█..█ .........█..██
█..████)███..█
......████.██
█...██......██ .....██
█.█ ████............██
.....█ ..█
......██........█ .....█
█.█. █...........█.[█
....██ .. . █...██......█
.█ ...██
...███████.█............█
██...
█........s.█████████.|..
.█. █.██████@█ █...
█oc(.o█ ██.


█@o█████ ..5.█ ██.██ .. █. . You could see Joseph and an orc.

Vanquished Creatures
  A steam dragon (D:7)
  An ice beast (D:5)
  A sky beast (D:6)
  A necrophage (D:7)
  2 ogres
  3 centaurs
  A scorpion (D:4)
  A howler monkey (D:5)
  3 orc priests
  3 orc wizards (D:5)
  Jessica (D:2)
  2 iguanas
  4 worker ants
  2 hound zombies (D:6)
  A hound skeleton (D:6)
  7 gnolls
  A howler monkey skeleton (D:5)
  14 adders
  A shadow imp (D:5)
  An ooze (D:6)
  An adder skeleton (D:5)
  A worm (D:3)
  7 leopard geckos
  21 orcs
  2 ball pythons
  4 giant cockroaches
  7 goblins
  5 hobgoblins
  2 jackals (D:6)
  8 kobolds
  3 quokkas
  4 bats
  3 frilled lizards
  5 rats
124 creatures vanquished.

Notes
Turn   | Place    | Note
-------+----------+-------------------------------------------
     0 | D:1      | nht the Draconian Transmuter began the quest for the Orb.
     0 | D:1      | Reached XP level 1. HP: 16/16 MP: 3/3
   249 | D:1      | Reached XP level 2. HP: 22/23 MP: 3/5
   712 | D:2      | Found a faded altar of an unknown god.
   745 | D:2      | Found a shattered altar of Ashenzari.
   790 | D:2      | Noticed Jessica
   793 | D:2      | Reached XP level 3. HP: 26/28 MP: 6/6
   796 | D:2      | Killed Jessica
   796 | D:2      | Reached skill level 4 in Unarmed Combat
   898 | D:2      | Reached XP level 4. HP: 31/35 MP: 7/7
   913 | D:2      | Found a sacrificial altar of Ru.
  1067 | D:2      | Became a worshipper of Warmaster Okawaru
  1067 | D:2      | Reached * piety under Okawaru
  1255 | D:3      | Found a burning altar of Makhleb.
  1509 | D:3      | Reached XP level 5. HP: 31/40 MP: 8/8
  1690 | D:3      | Reached skill level 5 in Unarmed Combat
  1715 | D:3      | Found a glowing silver altar of Zin.
  1716 | D:3      | Noticed an angel
  1716 | D:3      | Noticed an Executioner
  1948 | D:4      | Found a shimmering altar of Xom.
  2485 | D:4      | Reached XP level 6. HP: 19/47 MP: 9/9
  2580 | D:5      | Entered Level 5 of the Dungeon
  3118 | D:5      | Reached skill level 6 in Unarmed Combat
  3742 | D:4      | Reached ** piety under Okawaru
  3970 | D:5      | Noticed an ice beast
  3980 | D:5      | Killed an ice beast
  3980 | D:5      | Your scales start taking on a golden yellow colour.
  3980 | D:5      | Reached XP level 7. HP: 34/52 MP: 10/10
  4105 | D:5      | Reached skill level 7 in Unarmed Combat
  4105 | D:5      | Reached skill level 5 in Transmutations
  4426 | D:5      | Found Jeali's Antique Armour Boutique.
  4433 | D:5      | Bought a pair of encrusted boots for 237 gold pieces
  4438 | D:5      | Identified the +0 pair of boots of Vumoitre {rN++ Int+3 Stlth-} (You bought it in a shop on level 5 of the Dungeon)
  4648 | D:5      | Learned a level 3 spell: Spider Form
  4654 | D:5      | Learned a level 5 spell: Blade Hands
  5047 | D:5      | Found Cupp's Jewellery Boutique.
  5063 | D:5      | Reached skill level 8 in Unarmed Combat
  5146 | D:6      | Reached XP level 8. HP: 53/59 MP: 11/11
  5626 | D:6      | Found a shadowy altar of Dithmenos.
  5678 | D:6      | Reached *** piety under Okawaru
  6008 | D:7      | Reached skill level 9 in Unarmed Combat
  6118 | D:7      | Noticed Joseph
  6167 | D:7      | Slain by Joseph

Vault maps used:
D:1:      lightli_molten_gateway, minmay_tetromino_l4
D:2:      ashenzari_altar_1, chequers_ecumenical_altar_island,
          nicolae_ru_sacrificial_ziggurat, uniq_jessica
D:3:      grunt_temple_overflow_order_and_chaos_2, first_bread,
          grunt_ministairs_3
D:4:      kb_forest_paths, xom_teletrap_fun
D:5:      serial_shops, kennysheep_mini, shop
D:6:      nicolae_dithmenos_through_a_glass_darkly
D:7:      grunt_temple_overflow_open, minmay_temple_entry_from_below_a,
          uniq_pikel, uniq_joseph

Skill      XL: |  1  2  3  4  5  6  7  8 |
---------------+-------------------------+-----
Unarmed Combat | 4 5 6 8 9 |  9.5
Transmutations | 3 4 5 6 |  6.6
Fighting       | |  1.1
Dodging        | |  1.7
Spellcasting   | |  2.0

Action                   |  1- 3 |  4- 6 |  7- 9 || total
-------------------------+-------+-------+-------++-------
Melee: Unarmed           |    31 |       |    57 ||    88
       Tailslap          |     4 |    17 |    11 ||    32
       Headbutt          |     3 |       |       ||     3
       Dagger            |    30 |   238 |   152 ||   420
       Kick              |     2 |       |       ||     2
       Punch             |     1 |     3 |     2 ||     6
Throw: Tomahawk          |       |     6 |       ||     6
 Cast: Beastly Appendage |     6 |       |       ||     6
       Spider Form       |       |       |     7 ||     7
Invok: Heroism           |       |       |     2 ||     2
Evoke: Wand              |       |       |     2 ||     2
  Use: Potion            |     1 |     8 |     1 ||    10
       Scroll            |       |       |    11 ||    11
 Stab: Sleeping          |       |     3 |       ||     3
  Eat: Chunk             |       |    10 |     8 ||    18
Armor: Skin              |    22 |    68 |    72 ||   162
Dodge: Dodged            |    52 |   148 |   133 ||   333
Block: Other             |       |       |    39 ||    39
